 Dungeon Crawl Stone Soup version 0.30-b1-7-gcb88a99046 (webtiles) character file.

Game seed: 11700646281080099356

172 ChrisAssaf the Firebug (level 6, -3/47 HPs)
             Began as a Meteoran Fire Elementalist on May 5, 2023.
             Was an Initiate of Nemelex Xobeh.
             Slain by a scorpion (7 damage)
             ... on level 4 of the Dungeon.
             The game lasted 00:08:32 (1970 turns).

ChrisAssaf the Firebug (Meteoran Fire Elementalist) Turns: 1970, Time: 00:08:33

Health: -3/47      AC:  2    Str: 13    XL:     6   Next: 9%
Magic:  1/13       EV: 12    Int: 16    God:    Nemelex Xobeh [......]
Gold:   226        SH:  0    Dex: 14    Spells: 4/13 levels left

rFire   . . .        b - +2 dagger (flame)
rCold   . . .        k - orb {light}
rNeg    . . .        a - +0 robe
rPois   .            (no helmet)
rElec   .            (no cloak)
rCorr   .            (no gloves)
SInv    .            (no boots)
Will    .....        (no amulet)
Stlth   +            (no ring)
HPRegen 0.27/turn    (no ring)
MPRegen 0.13/turn

%: no passive effects
@: confused, lethally poisoned (-3 -> -17), glowing
A: sense surroundings 1, otherworldly, glowing, explore regen
a: Renounce Religion, Draw Escape, Draw Destruction, Draw Summoning


You were on level 4 of the Dungeon.
You worshipped Nemelex Xobeh.
Nemelex Xobeh was noncommittal.
You visited 2 branches of the dungeon, and saw 5 of its levels.

You collected 226 gold pieces.

Inventory:

Hand Weapons
 b - a +2 dagger of flaming (weapon)
Armour
 a - a +0 robe (worn)
 k - an orb of light (worn)
Scrolls
 c - 2 scrolls of identify
 e - a scroll of fear
 h - 2 scrolls of vulnerability
 i - a scroll of poison
 n - a scroll of fog
 o - a scroll of amnesia
Potions
 d - a potion of attraction {unknown}
 f - a potion of haste {unknown}
 g - 2 potions of curing {unknown}
 j - 2 potions of brilliance {unknown}
 l - a potion of resistance {unknown}
 m - a potion of might {unknown}


   Skills:
 * Level 1.0 Fighting
 * Level 0.8 Short Blades
 * Level 1.1 Armour
 * Level 2.7 Dodging
 * Level 1.8 Stealth
 * Level 4.2 Spellcasting
 * Level 2.0 Conjurations
 * Level 0.9 Hexes
 * Level 0.9 Translocations
 * Level 4.8 Fire Magic


You had 4 spell levels left.
You knew the following spells:

 Your Spells              Type           Power      Damage    Failure   Level
a - Foxfire               Conj/Fire      56%        2x1d6     4%          1
b - Scorch                Fire           36%        2d6       3%          2
c - Inner Flame           Hex/Fire       12%        N/A       16%         3
d - Volatile Blastmotes   Fire/Tloc      24%        2d12      16%         3

Your spell library contained the following spells:

 Spells                   Type           Power      Damage    Failure   Level
 Flame Wave               Conj/Fire      14%        2d6       36%         4


Dungeon Overview and Level Annotations

Branches:
Dungeon (4/15) Zot: 614    Temple (1/1) D:4 Zot: 416

Altars:
Ashenzari
Cheibriados
Dithmenos
Elyvilon
Gozag
Hepliaklqana
Kikubaaqudgha
Makhleb
Nemelex Xobeh
Okawaru
Sif Muna
Trog
Uskayaw
Vehumet
Yredelemnul
Zin
The Shining One

Annotations:
D:4 Ijyb


Innate Abilities, Weirdness & Mutations

You passively map a small area around you.
You are easily found by Zot.
You glow in the dark.
You regain HP and MP as you explore.


Message History

You feel very sick. The scorpion closely misses you.
You hit the scorpion. You burn the scorpion.
The scorpion is severely wounded.
You feel sick.
The foxfire hits Ijyb but does no damage. x2
The scorpion barely misses you. The scorpion stings you.
You are more poisoned.
The scorpion poisons you!
As you read the scroll of identify, it crumbles to dust.
o - a scroll of amnesia You feel very sick.
Ijyb zaps a wand.
Your will is overpowered!
You are confused.
The scorpion barely misses you.
Unknown command.
You feel very sick.
Ijyb hits you with a +1 dagger of speed.
* * * LOW HITPOINT WARNING * * *
You see here a +0 giant club.
You bump into the rock wall.
* * * LOW HITPOINT WARNING * * *
You feel very sick.
The scorpion is no longer more vulnerable to fire.
Ijyb misses you.
The scorpion stings you but does no damage.
Ijyb hits you but does no damage.
* * * LOW HITPOINT WARNING * * *
You feel very sick. The scorpion stings you.
* * * LOW HITPOINT WARNING * * *
You are more poisoned.
The scorpion poisons you!
Ijyb zaps a wand.
You easily resist.
Unknown command.
You're too confused to move!
* * * LOW HITPOINT WARNING * * *
You feel very sick. The scorpion stings you!
You die...
Your body disappears without additional glow.

*##, , ,, * #.. ... *
* .[.. ..###...
*,......##........ ,
, ......#$........
#)......#.#.......
*##.......#.#....[..
* ,
........#)g.......
(.......@s...<...
#..###....#...## *
#.##.....# ..# ,,
##..>.#...#, #
,.....##.############
* *##.#.##.#
#........# ######
#.#.##.# #........#
#....# #.#.##.#
#........# #.....
#......# #........#
#..♣.♣


You could see Ijyb and a scorpion.

Vanquished Creatures
  An ogre (D:4)
  2 adders (D:2)
  2 worms
  2 dart slugs
  An orc (D:3)
  7 endoplasms
  6 giant cockroaches
  5 goblins
  2 hobgoblins
  3 jackals (D:1)
  5 quokkas
  5 ball pythons
  4 bats
  5 frilled lizards
  8 kobolds
  2 rats
60 creatures vanquished.

Vanquished Creatures (others)
  19 foxfires
19 creatures vanquished.

Grand Total: 79 creatures vanquished

Notes
Turn   | Place    | Note
-------+----------+-------------------------------------------
     0 | D:1      | ChrisAssaf the Meteoran Fire Elementalist began the quest
                  | for the Orb.
     0 | D:1      | Reached XP level 1. HP: 14/14 MP: 5/5
    46 | D:1      | Reached XP level 2. HP: 13/20 MP: 3/6
    49 | D:1      | Learned a level 2 spell: Scorch
   151 | D:1      | Reached XP level 3. HP: 23/26 MP: 1/8
   521 | D:2      | Reached XP level 4. HP: 32/34 MP: 6/10
   528 | D:2      | Learned a level 3 spell: Inner Flame
   532 | D:2      | Learned a level 3 spell: Volatile Blastmotes
  1101 | D:2      | Glimpsed the power of Zot.
  1231 | D:3      | Reached XP level 5. HP: 29/39 MP: 7/11
  1701 | D:3      | Glimpsed the power of Zot.
  1718 | D:4      | Found a staircase to the Ecumenical Temple.
  1730 | Temple   | Entered the Ecumenical Temple
  1839 | Temple   | Became a worshipper of Nemelex Xobeh the Trickster
  1953 | D:4      | Noticed an ogre
  1959 | D:4      | Killed an ogre
  1960 | D:4      | Reached skill level 1 in Fighting
  1960 | D:4      | Reached skill level 1 in Armour
  1960 | D:4      | Reached XP level 6. HP: 41/47 MP: 6/13
  1961 | D:4      | Noticed Ijyb
  1970 | D:4      | Slain by a scorpion

Illustrated notes

Levels and vault maps discovered:
D:1:      lightli_arrival_statue_moat, layout_basic
D:2:      layout_basic
D:3:      layout_rooms, minmay_ruptured
D:4:      layout_basic, minitemple, minmay_temple_entry_trees, uniq_ijyb
Temple:   minmay_temple_bridge_d

Skill      XL: |  1  2  3  4  5 |
---------------+----------------+-----
Fire Magic     | 4 |  4.8
Spellcasting   | 3 4 |  4.2
Fighting       | 1 |  1.0
Armour         | 1 |  1.1
Conjurations   | 2 |  2.0
Short Blades   | |  0.8
Dodging        | |  2.7
Stealth        | |  1.8
Hexes          | |  0.9
Translocations | |  0.9

Action                     |  1- 3 |  4- 6 || total
---------------------------+-------+-------++-------
  Melee: Dagger            |    25 |    30 ||    55
   Cast: Foxfire           |    10 |     1 ||    11
         Scorch            |    20 |    30 ||    50
    Use: Potion            |     1 |       ||     1
         Scroll            |     3 |     5 ||     8
 Armour: Robe              |    16 |     5 ||    21
  Dodge: Dodged            |    39 |    28 ||    67
